BSA
MAUI TROPICS @ PLYMOUTH ROCKS
09/06/2024
 
TOP OF THE 1ST
Maui Tropics batting - Pitching for Plymouth Rocks : RHP John Smith
Pitching: RHP John Smith
Batting: LHB Doyle Otterburn 0-0: Foul Ball, location: 2F
0-1: Fly out, F9 (Flyball, 9D)
Batting: LHB Juan Jose Rojas 0-0: Called Strike
0-1: Ball
1-1: Swinging Strike
1-2: Ball
2-2: Foul Ball, location: 2F
2-2: Ball
3-2: Foul Ball, location: 2F
3-2: DOUBLE (Flyball, 9LD)
Batting: RHB Jesús Espinoza 0-0: Foul Ball, location: 2F
0-1: Foul Ball, location: 2F
0-2: Ball
1-2: Foul Ball, location: 2F
1-2: SINGLE (Line Drive, 56)
Juan Jose Rojas to third
Batting: LHB Luis Antonio Torres 0-0: Called Strike
0-1: Ball
1-1: Called Strike
1-2: Strikes out looking
Batting: RHB Phil White 0-0: Called Strike
0-1: Swinging Strike
0-2: Ball
1-2: Strikes out swinging
Top of the 1st over - 0 run(s), 2 hit(s), 0 error(s), 2 left on base; Maui 0 - Plymouth 0
BOTTOM OF THE 1ST
Plymouth Rocks batting - Pitching for Maui Tropics : LHP Stan Aldridge
Pitching: LHP Stan Aldridge
Batting: RHB Ray Yates 0-0: Ball
1-0: Foul Ball, location: 2F
1-1: Ball
2-1: Swinging Strike
2-2: Ground out 6-3 (Groundball, 6M)
Batting: RHB Jorge Márquez 0-0: Ball
1-0: DOUBLE (Line Drive, 9LM)
Batting: LHB Roy Patrick 0-0: Ball
1-0: Foul Ball, location: 2F
1-1: DOUBLE (Line Drive, 78D)
Jorge Márquez scores
Batting: RHB Frederico Hernández 0-0: Ball
1-0: Swinging Strike
1-1: Ground out 6-3 (Groundball, 6)
Batting: LHB Frank Geddes 0-0: Ball
Wild Pitch!
Roy Patrick to third
1-0: Ball
2-0: Ball
3-0: Called Strike
3-1: Ground out 1-3 (Groundball, 13)
Bottom of the 1st over - 1 run(s), 2 hit(s), 0 error(s), 1 left on base; Maui 0 - Plymouth 1
TOP OF THE 2ND
Maui Tropics batting - Pitching for Plymouth Rocks : RHP John Smith
Batting: LHB Henry Huffman 0-0: Called Strike
0-1: Ball
1-1: Ground out 6-3 (Groundball, 6)
Batting: RHB Damian Yates 0-0: Called Strike
0-1: Ball
1-1: Swinging Strike
1-2: SINGLE (Flyball, 9LS)
Batting: LHB Javier Espinoza 0-0: Called Strike
0-1: Foul Ball, location: 2F
0-2: Ball
1-2: Ball
2-2: Foul Ball, location: 2F
2-2: Strikes out swinging
Damian Yates steals 2nd base
Batter strikes out.
Batting: LHB Mario Olivares 0-0: Ball
1-0: Ball
2-0: Foul Ball, location: 2F
2-1: Ground out 4-3 (Groundball, 4)
Top of the 2nd over - 0 run(s), 1 hit(s), 0 error(s), 1 left on base; Maui 0 - Plymouth 1
BOTTOM OF THE 2ND
Plymouth Rocks batting - Pitching for Maui Tropics : LHP Stan Aldridge
Batting: RHB Kelly Owens 0-0: Swinging Strike
0-1: Swinging Strike
0-2: Foul Ball, location: 2F
0-2: Foul Ball, location: 2F
0-2: Ball
1-2: Foul Ball, location: 2F
1-2: Ball
2-2: Ball
3-2: Base on Balls
Batting: RHB Tadakuni Sugiyama 0-0: Foul Ball, location: 2F
0-1: Ball
1-1: Called Strike
1-2: Ball
2-2: Ball
3-2: Foul Ball, location: 2F
3-2: Strikes out swinging
Batting: SHB António Enríquez 0-0: Fly out, F3 (Popup, 3F)
Batting: RHB Alberto Ramos 0-0: Called Strike
0-1: Foul Ball, location: 2F
0-2: Ball
1-2: Fielders Choice at 2nd, U6 (Groundball, 6M)
Bottom of the 2nd over - 0 run(s), 0 hit(s), 0 error(s), 1 left on base; Maui 0 - Plymouth 1
TOP OF THE 3RD
Maui Tropics batting - Pitching for Plymouth Rocks : RHP John Smith
Batting: LHB Doyle Otterburn 0-0: Called Strike
0-1: Ball
1-1: Ball
2-1: Fly out, F3 (Popup, 3SF)
Batting: LHB Juan Jose Rojas 0-0: Ball
1-0: Swinging Strike
1-1: Foul Ball, location: 2F
1-2: Strikes out swinging
Batting: RHB Jesús Espinoza 0-0: Foul Ball, location: 2F
0-1: Fly out, F7 (Flyball, 7LD)
Top of the 3rd over - 0 run(s), 0 hit(s), 0 error(s), 0 left on base; Maui 0 - Plymouth 1
BOTTOM OF THE 3RD
Plymouth Rocks batting - Pitching for Maui Tropics : LHP Stan Aldridge
Batting: RHB Ray Yates 0-0: Ball
1-0: SINGLE (Line Drive, 89S)
Batting: RHB Jorge Márquez 0-0: Ball
1-0: Foul Ball, location: 2F
1-1: Reached on error, E4 (Groundball, 4)
Ray Yates to second
Batting: LHB Roy Patrick 0-0: TRIPLE (Flyball, 9D)
Ray Yates scores
Jorge Márquez scores
Batting: RHB Frederico Hernández 0-0: Called Strike
0-1: Ball
1-1: Ball
2-1: Called Strike
2-2: Foul Ball, location: 2F
2-2: Fly out, F7 (Flyball, 78M)
Runner from 3rd tags up, SCORES, no throw
Batting: LHB Frank Geddes 0-0: Swinging Strike
0-1: Called Strike
0-2: Ball
1-2: Strikes out swinging
Batting: RHB Kelly Owens 0-0: Ball
1-0: Fly out, F7 (Flyball, 7D)
Bottom of the 3rd over - 3 run(s), 2 hit(s), 1 error(s), 0 left on base; Maui 0 - Plymouth 4
TOP OF THE 4TH
Maui Tropics batting - Pitching for Plymouth Rocks : RHP John Smith
Batting: LHB Luis Antonio Torres 0-0: Called Strike
0-1: Swinging Strike
0-2: Ball
1-2: Ball
2-2: Strikes out swinging
Batting: RHB Phil White 0-0: Called Strike
0-1: Foul Ball, location: 2F
0-2: Ball
1-2: Ball
2-2: Strikes out swinging
Batting: LHB Henry Huffman 0-0: Fly out, F6 (Popup, 6D)
Top of the 4th over - 0 run(s), 0 hit(s), 0 error(s), 0 left on base; Maui 0 - Plymouth 4
BOTTOM OF THE 4TH
Plymouth Rocks batting - Pitching for Maui Tropics : LHP Stan Aldridge
Batting: RHB Tadakuni Sugiyama 0-0: Called Strike
0-1: Called Strike
0-2: Ball
1-2: Ball
2-2: Ball
3-2: Strikes out swinging
Batting: SHB António Enríquez 0-0: Ball
1-0: Foul Ball, location: 2F
1-1: Reached on error, E6 (Groundball, 6M)
Batting: RHB Alberto Ramos 0-0: Called Strike
0-1: Foul Ball, location: 2F
0-2: Ball
1-2: Ground out 5-3 (Groundball, 15S)
António Enríquez to second
Batting: RHB Ray Yates 0-0: Ball
1-0: Foul Ball, location: 2F
1-1: Swinging Strike
1-2: Strikes out swinging
Bottom of the 4th over - 0 run(s), 0 hit(s), 1 error(s), 1 left on base; Maui 0 - Plymouth 4
TOP OF THE 5TH
Maui Tropics batting - Pitching for Plymouth Rocks : RHP John Smith
Batting: RHB Damian Yates 0-0: Ball
1-0: Called Strike
1-1: Foul Ball, location: 2F
1-2: SINGLE (Groundball, 56D)
Batting: LHB Javier Espinoza 0-0: Called Strike
0-1: SINGLE (Line Drive, 6MD)
Damian Yates to second
Batting: LHB Mario Olivares 0-0: Ball
1-0: Ball
2-0: Called Strike
2-1: Ball
3-1: Grounds into double play, 4-6-3 (Groundball, 4M)
Damian Yates to third
Batting: LHB Doyle Otterburn 0-0: Called Strike
0-1: Ball
1-1: SINGLE (Line Drive, 34D)
Damian Yates scores
Batting: LHB Juan Jose Rojas 0-0: Foul Ball, location: 2F
0-1: Ball
1-1: Swinging Strike
1-2: Foul Ball, location: 2F
1-2: Strikes out swinging
Top of the 5th over - 1 run(s), 3 hit(s), 0 error(s), 1 left on base; Maui 1 - Plymouth 4
BOTTOM OF THE 5TH
Plymouth Rocks batting - Pitching for Maui Tropics : LHP Stan Aldridge
Batting: RHB Jorge Márquez 0-0: Called Strike
0-1: Ball
1-1: Ball
2-1: Ground out 5-3 (Groundball, 56)
Batting: LHB Roy Patrick 0-0: Called Strike
0-1: Ball
1-1: Ball
2-1: SINGLE (Line Drive, 6M)
Pitching: RHP Norman White
Batting: RHB Frederico Hernández 0-0: Ball
1-0: Ball
2-0: Called Strike
2-1: Ball
Roy Patrick steals 2nd base
3-1: Called Strike
3-2: SINGLE (Groundball, 5S) (infield hit)
Roy Patrick to third
Batting: LHB Frank Geddes 0-0: Called Strike
0-1: Foul Ball, location: 2F
0-2: Strikes out swinging
Batting: RHB Kelly Owens 0-0: Ball
1-0: Swinging Strike
1-1: Swinging Strike
1-2: Ball
2-2: Foul Ball, location: 2F
2-2: Strikes out looking
Bottom of the 5th over - 0 run(s), 2 hit(s), 0 error(s), 2 left on base; Maui 1 - Plymouth 4
TOP OF THE 6TH
Maui Tropics batting - Pitching for Plymouth Rocks : RHP John Smith
Batting: RHB Jesús Espinoza 0-0: Called Strike
0-1: Swinging Strike
0-2: Strikes out swinging
Batting: LHB Luis Antonio Torres 0-0: Ball
1-0: Ground out 4-3 (Groundball, 4M)
Batting: RHB Phil White 0-0: Ball
1-0: Called Strike
1-1: Ball
2-1: Foul Ball, location: 2F
2-2: Strikes out looking
Top of the 6th over - 0 run(s), 0 hit(s), 0 error(s), 0 left on base; Maui 1 - Plymouth 4
BOTTOM OF THE 6TH
Plymouth Rocks batting - Pitching for Maui Tropics : RHP Norman White
Batting: RHB Tadakuni Sugiyama 0-0: Called Strike
0-1: Ball
1-1: Swinging Strike
1-2: Foul Ball, location: 2F
1-2: Strikes out looking
Batting: SHB António Enríquez 0-0: Fly out, F7 (Flyball, 7LD)
Batting: RHB Alberto Ramos 0-0: Ball
1-0: Ball
2-0: Called Strike
2-1: Ball
3-1: Base on Balls
Batting: RHB Ray Yates 0-0: Called Strike
0-1: Ball
1-1: Ball
2-1: Called Strike
2-2: Strikes out swinging
Bottom of the 6th over - 0 run(s), 0 hit(s), 0 error(s), 1 left on base; Maui 1 - Plymouth 4
TOP OF THE 7TH
Maui Tropics batting - Pitching for Plymouth Rocks : RHP John Smith
Batting: LHB Henry Huffman 0-0: Foul Ball, location: 2F
0-1: Fly out, F7 (Flyball, 78D)
Batting: RHB Damian Yates 0-0: Ball
1-0: Called Strike
1-1: Swinging Strike
1-2: Ball
2-2: Ball
3-2: Base on Balls
Pitching: LHP Takaaki Omori
Batting: LHB Javier Espinoza 0-0: Called Strike
0-1: Ground out 5-3 (Groundball, 15S)
Damian Yates to second
Batting: LHB Mario Olivares 0-0: Ground out 4-3 (Groundball, 4)
Top of the 7th over - 0 run(s), 0 hit(s), 0 error(s), 1 left on base; Maui 1 - Plymouth 4
BOTTOM OF THE 7TH
Plymouth Rocks batting - Pitching for Maui Tropics : RHP Norman White
Batting: RHB Jorge Márquez 0-0: Fly out, F7 (Flyball, 7M)
Pitching: RHP Chuk-yan Zhuan
Batting: LHB Roy Patrick 0-0: Ground out U3 (Groundball, 3S)
Batting: RHB Frederico Hernández 0-0: Swinging Strike
0-1: Called Strike
0-2: Ball
1-2: Foul Ball, location: 2F
1-2: Ball
2-2: SINGLE (Flyball, 7S)
Batting: LHB Frank Geddes 0-0: Ball
1-0: Called Strike
1-1: Foul Ball, location: 2F
1-2: Fly out, F3 (Line Drive, 3S)
Bottom of the 7th over - 0 run(s), 1 hit(s), 0 error(s), 1 left on base; Maui 1 - Plymouth 4
TOP OF THE 8TH
Maui Tropics batting - Pitching for Plymouth Rocks : LHP Takaaki Omori
Batting: LHB Doyle Otterburn 0-0: Ground out U3 (Groundball, 3S)
Batting: LHB Juan Jose Rojas 0-0: Ball
1-0: Called Strike
1-1: Ball
2-1: Swinging Strike
2-2: Strikes out swinging
Batting: RHB Jesús Espinoza 0-0: Foul Ball, location: 2F
0-1: Swinging Strike
0-2: Strikes out swinging
Top of the 8th over - 0 run(s), 0 hit(s), 0 error(s), 0 left on base; Maui 1 - Plymouth 4
BOTTOM OF THE 8TH
Plymouth Rocks batting - Pitching for Maui Tropics : RHP Chuk-yan Zhuan
Batting: RHB Kelly Owens 0-0: Called Strike
0-1: DOUBLE (Line Drive, 7LS)
Batting: RHB Tadakuni Sugiyama 0-0: Bunted foul
0-1: Sac Bunt - play at first, batter OUT! 1-4
Kelly Owens to third
Batting: SHB António Enríquez 0-0: Intentional Walk
Batting: RHB Alberto Ramos 0-0: Ball
1-0: Grounds into double play, 6-4-3 (Groundball, 6)
Bottom of the 8th over - 0 run(s), 1 hit(s), 0 error(s), 1 left on base; Maui 1 - Plymouth 4
TOP OF THE 9TH
Maui Tropics batting - Pitching for Plymouth Rocks : LHP Takaaki Omori
Pitching: RHP Dong-hyun Kim
Batting: LHB Luis Antonio Torres 0-0: Ball
1-0: Fly out, F7 (Flyball, 7D)
Batting: RHB Phil White 0-0: Ball
1-0: Ground out 6-3 (Groundball, 6)
Batting: LHB Henry Huffman 0-0: Called Strike
0-1: Foul Ball, location: 2F
0-2: Ball
1-2: Ball
2-2: Strikes out swinging
Top of the 9th over - 0 run(s), 0 hit(s), 0 error(s), 0 left on base; Maui 1 - Plymouth 4
This league is powered by Out of the Park Baseball, the baseball management simulation game for PC, Mac and Linux
Saturday, April 9th, 2016 - OOTP Baseball 16.8 Build 38